 Dungeon Crawl Stone Soup version 0.27-a0-291-gd9602db6ee (webtiles) character file.

Game seed: 14389604680563865557

44 ReteAZ the Covered (level 3, -1/29 HPs)
             Began as a Human Fighter on Feb 9, 2021.
             Slain by a centaur (7 damage)
             ... on level 2 of the Dungeon.
             The game lasted 00:01:05 (1420 turns).

ReteAZ the Covered (Human Fighter)                  Turns: 1420, Time: 00:01:05

Health: -1/29      AC:  6    Str: 17    XL:     3   Next: 87%
Magic:  3/3        EV:  7    Int:  8    God:
Gold:   85         SH:  9    Dex: 12    Spells: 2/2 levels left

rFire    . . .     SeeInvis .   a - +0 war axe
rCold    . . .     Faith    .   c - +0 kite shield
rNeg     . . .     Spirit   .   b - +0 scale mail
rPois    .         Reflect  .   (no helmet)
rElec    .         Harm     .   (no cloak)
rCorr    .         Rampage  .   (no gloves)
Will     .....                  (no boots)
Stlth    ..........             (no amulet)
HPRegen  0.09/turn              (no ring)
MPRegen  0.08/turn              (no ring)

@: no status effects
A: no striking features
a: no special abilities


You were on level 2 of the Dungeon.
You visited 1 branch of the dungeon, and saw 2 of its levels.

You collected 85 gold pieces.

Inventory:

Hand Weapons
 a - a +0 war axe (weapon)
Missiles
 h - 4 boomerangs (quivered)
Armour
 b - a +0 scale mail (worn)
 c - a +0 kite shield (worn)
Potions
 d - a potion of might
 e - a potion of lignification {unknown}
 f - a potion of flight {unknown}
 g - a potion of degeneration {unknown}


   Skills:
 + Level 3.3 Fighting
 * Level 2.8 Axes
 + Level 3.3 Armour
 + Level 3.3 Shields


You had 2 spell levels left.
You didn't know any spells.
Your spell library was empty.

Dungeon Overview and Level Annotations

Branches:
Dungeon (2/15)

Altars:


Message History

A centaur comes into view.
The centaur wields a +1 shortbow of freezing.
It is covered in frost.
The centaur shoots an arrow.
You block the arrow.
A centaur is nearby!
A centaur is nearby!
The centaur shoots an arrow.
The arrow hits you! The arrow freezes you.
The centaur shoots an arrow.
The arrow hits you. The arrow freezes you.
You see here a scroll labelled LERPHI FIGIYHIST.
You are too injured to fight recklessly!
The centaur unwields a +1 shortbow of freezing.
The centaur hits you but does no damage.
You hit the centaur.
The centaur is lightly wounded.
The centaur hits you. You block the centaur's attack.
You hit the centaur but do no damage.
The centaur is lightly wounded.
The centaur hits you.
* * * LOW HITPOINT WARNING * * *
The centaur hits you!
You die...

# # ....# ....# ....#
#.# ....# #.# ..c. #.#
######.. #.# #..?.c#
#.#########...?@########
#.#.....................
#.#.#######...$.########
#...................
#.###.#####.....###.#
#...#<.....######
###.#........#
#.#.####.#.# #.#.# #.#.#


You could see a centaur.

Vanquished Creatures
  A gnoll (D:1)
  2 dart slugs
  A leopard gecko (D:1)
  2 ball pythons (D:1)
  3 bats (D:1)
  A giant cockroach (D:1)
  5 hobgoblins (D:1)
  2 jackals (D:1)
  4 kobolds (D:1)
  A quokka (D:2)
  2 frilled lizards
  2 goblins (D:1)
  3 rats (D:1)
29 creatures vanquished.

Notes
Turn   | Place    | Note
-------+----------+-------------------------------------------
     0 | D:1      | ReteAZ the Human Fighter began the quest for the Orb.
     0 | D:1      | Reached XP level 1. HP: 18/18 MP: 1/1
   137 | D:1      | Reached XP level 2. HP: 15/24 MP: 2/2
   422 | D:1      | Reached XP level 3. HP: 29/29 MP: 3/3
  1413 | D:2      | Noticed a centaur
  1420 | D:2      | Slain by a centaur

Illustrated notes

Levels and vault maps discovered:
D:1:      mrwooster_arrival_statue, layout_loops_ring, hangedman_decor_opposing
D:2:      layout_basic, minmay_misc_feat_tower

Action                   || total
-------------------------++-------
Melee: War axe           ||    76
Armor: Scale mail        ||    32
Dodge: Dodged            ||    23
Block: Kite shield       ||    47

Table legend: (Time is in decaauts)
 A = Elapsed time spent in this place.
 B = Non-inter-level travel time spent in this place.
 C = Inter-level travel time spent in this place.
 D = Time resting spent in this place.
 E = Time spent auto-exploring this place.
 F = Levels seen in this place.
 G = Mean time per level.
                   A        B        C        D        E       F      G
               +--------+--------+--------+--------+--------+-----+--------+
         Total |   1466 |   1400 |     66 |    105 |   1058 |   2 |  733.0 |
       Dungeon |   1466 |   1400 |     66 |    105 |   1058 |   2 |  733.0 |
               +--------+--------+--------+--------+--------+-----+--------+

Top non-repeatable levels by time:
     D:1: 1169 daAuts
     D:2: 297 daAuts
